AoeStats
← Formagella

Nomad

506678684Analyzed
3v3 RM · 18d ago on Sep 14, 2026· 49m 34s· 6 players
Game mode
Random Map
Map size
210×210
Population
200
Speed
Normal
Resources
Standard
Victory
Conquest
Starting age
Dark Age
Ending age
Imperial Age
RankedLock teamsTeams togetherTeam positionsShared explorationLock speedFull tech treeHidden civsTurbo modeCheats
Victory
Defeat
🇭🇷 Franks · Croatia
822
+18
🇹🇷 Byzantines · Türkiye
821
+18
🇺🇦 Slavs · Ukraine
813
+19
🇨🇭 Mongols · Switzerland
981
-23
🇨🇭 Franks · Switzerland
865
-18
🇨🇭 Japanese · Switzerland
773
-14
TheCucumberLord
3:28 Loom
14:52 Feudal Age
16:54 Fishing Lines
17:12 Double-Bit Axe
18:05 Horse Collar
22:39 Castle Age
20:54 Gold Mining
22:31 Forging
22:21 Scale Mail Armor
23:02 Scale Barding Armor
25:09 Pikeman
25:35 Gambesons
26:35 Iron Casting
29:59 Wheelbarrow
33:31 Imperial Age
30:55 Fletching
31:10 Padded Archer Armor
30:34 Elite Skirmisher
31:20 Thumb Ring
31:43 Ballistics
34:20 Hand Cart
34:26 Gillnets
35:19 Gambesons
34:57 Halberdier
35:38 Squires
35:52 Murder Holes
36:01 Murder Holes
37:58 Chain Mail Armor
37:38 Bodkin Arrow
37:59 Leather Archer Armor
38:01 Husbandry
39:40 Squires
39:42 Arson
41:15 Chemistry
40:03 Arrowslits
40:09 Arrowslits
41:19 Bow Saw
41:14 Heavy Plow
41:46 Plate Mail Armor
41:17 Bracer
41:48 Ring Archer Armor
42:51 Conscription
42:24 Elite Skirmisher
blacar
15:24 Feudal Age
17:54 Double-Bit Axe
20:20 Castle Age
20:49 Scale Barding Armor
20:55 Forging
21:22 Bow Saw
23:45 Iron Casting
27:37 Husbandry
28:51 Gold Mining
32:59 Imperial Age
32:09 Chain Barding Armor
33:40 Wheelbarrow
34:11 Gold Shaft Mining
34:01 Conscription
33:16 Cavalier
37:56 Scale Mail Armor
44:03 Blast Furnace
44:34 Pikeman
46:31 Halberdier
48:49 Chain Mail Armor
Gluyk
4:17 Loom
17:58 Feudal Age
19:15 Wheelbarrow
18:28 Double-Bit Axe
18:34 Town Watch
19:52 Horse Collar
20:10 Fishing Lines
21:40 Stone Mining
21:41 Gold Mining
25:04 Castle Age
24:45 Man-at-Arms
26:14 Hand Cart
26:12 Bow Saw
26:07 Heavy Plow
25:55 Demolition Ship
26:27 Gillnets
28:32 Town Patrol
30:43 Squires
31:15 Pikeman
34:27 Gold Shaft Mining
34:23 Murder Holes
34:39 Masonry
35:41 Caravan
35:04 Elite Skirmisher
41:00 Imperial Age
40:21 Ballistics
40:09 Detinets
42:10 Conscription
42:27 Hoardings
42:24 Scale Barding Armor
42:20 Scale Mail Armor
42:31 Forging
42:11 Fletching
42:23 Padded Archer Armor
43:06 Herbal Medicine
42:39 Long Swordsman
44:58 Chain Barding Armor
44:04 Two-Handed Swordsman
46:27 Heavy Scorpion
46:30 Capped Ram
47:05 Halberdier
48:04 Leather Archer Armor
48:59 Two-Man Saw
48:33 Crop Rotation
49:07 Chemistry
Perocat
18:14 Feudal Age
19:17 Fishing Lines
22:37 Castle Age
22:38 Wheelbarrow
26:27 Double-Bit Axe
27:51 Bow Saw
31:35 Hand Cart
31:30 Husbandry
33:32 Gold Mining
33:32 Stone Mining
33:46 Stone Mining
40:37 Imperial Age
38:22 Murder Holes
38:48 Ballistics
38:43 Forging
38:38 Scale Barding Armor
41:25 Chain Barding Armor
41:40 Iron Casting
40:44 Cavalier
42:05 Conscription
42:41 Plate Barding Armor
42:17 Paladin
Formagella
7:34 Loom
15:01 Feudal Age
19:47 Castle Age
18:00 Double-Bit Axe
18:06 Horse Collar
19:21 Fletching
19:31 Padded Archer Armor
19:26 Fishing Lines
21:04 Wheelbarrow
20:26 Gillnets
20:56 Bow Saw
21:08 Heavy Plow
21:25 Gold Mining
22:56 Pikeman
26:05 Hand Cart
25:50 Stone Mining
27:10 Ballistics
27:46 Town Watch
31:08 Bloodlines
31:01 Husbandry
32:28 Masonry
33:24 Town Patrol
34:35 Gold Shaft Mining
34:37 Stone Shaft Mining
34:11 Murder Holes
38:29 Imperial Age
35:57 Bodkin Arrow
36:18 Leather Archer Armor
39:24 Scale Mail Armor
39:24 Bracer
39:35 Forging
40:59 Conscription
41:20 Hoardings
41:25 Chain Mail Armor
42:37 Conscription
43:14 Plate Mail Armor
43:20 Iron Casting
43:11 Light Cavalry
45:00 Scale Barding Armor
44:34 Hussar
47:21 Chain Barding Armor
47:47 Elite Mangudai
48:55 Drill
TheDaidi
6:51 Loom
16:14 Feudal Age
18:54 Double-Bit Axe
19:50 Forging
22:19 Scale Mail Armor
28:59 Castle Age
26:52 Horse Collar
33:40 Elite Skirmisher
33:44 Pikeman
35:51 Iron Casting
35:33 Chain Mail Armor
35:55 Gold Mining
36:10 Squires
40:25 Scale Barding Armor
40:25 Padded Archer Armor
46:06 Heavy Plow
46:25 Bow Saw
Connection lost

Rejoining the realm…

Still unreachable

The connection could not be restored.

Session expired

The server has moved on; the page needs a fresh start.